 Dungeon Crawl Stone Soup version 0.26.1-2-gb8aa6d0cf2 (webtiles) character file.

Game seed: 160835126003649160

30 Marvel the Insei (level 3, -3/23 HPs)
             Began as an Octopode Transmuter on Feb 13, 2021.
             Slain by an orc
             ... wielding a +0 flail
              (9 damage)
             ... on level 2 of the Dungeon.
             The game lasted 00:03:23 (1961 turns).

Marvel the Insei (Octopode Transmuter)              Turns: 1961, Time: 00:03:23

Health: -3/23      AC:  2    Str:  9    XL:     3   Next: 18%
Magic:  6/6        EV: 13    Int: 16    God:
Gold:   78         SH:  0    Dex: 12    Spells: 2/6 levels left

rFire    . . .     SeeInvis .     - Unarmed
rCold    . . .     Faith    .   (no shield)
rNeg     . . .     Spirit   .   g - +1 hat
rPois    .         Reflect  .   (no amulet)
rElec    .         Harm     .   (no ring)
rCorr    .         Rampage  .   (no ring)
Will     .....                  (no ring)
Stlth    ++........             (no ring)
HPRegen  0.07/turn              (no ring)
MPRegen  0.10/turn              (no ring)
                                (no ring)
                                (no ring)

@: no status effects
A: almost no armour, stealthy swim, amphibious, 8 rings, constrict 8, camouflage
1, gelatinous body 1
a: no special abilities


You were on level 2 of the Dungeon.
You visited 1 branch of the dungeon, and saw 2 of its levels.

You collected 78 gold pieces.

Inventory:

Armour
 g - a +1 hat (worn)
Jewellery
 b - a cursed amulet of inaccuracy {unknown}
Scrolls
 c - a scroll of immolation {unknown}
 d - a scroll of noise {unknown}
 e - 2 scrolls of remove curse {unknown}
Potions
 a - 2 potions of curing {unknown}
 f - 2 potions of might {unknown}
 h - a potion of mutation {unknown}


   Skills:
 + Level 1.0 Fighting
 + Level 2.3 Dodging
 - Level 0.6 Stealth
 + Level 3.5 Unarmed Combat
 + Level 2.3 Spellcasting
 + Level 2.2 Transmutations


You had 2 spell levels left.
You knew the following spells:

 Your Spells              Type           Power        Failure   Level
a - Beastly Appendage     Tmut           18%          9%          1
b - Spider Form           Tmut/Pois      2%           36%         3

Your spell library contained the following spells:

 Spells                   Type           Power        Failure   Level
 Wereblood                Tmut           9%           12%         2
 Ice Form                 Ice/Tmut       5%           77%         4
 Blade Hands              Tmut           4%           92%         5


Dungeon Overview and Level Annotations

Branches:
Dungeon (2/15)

Altars:
Gozag


Innate Abilities, Weirdness & Mutations

You cannot wear most types of armour.
You are very stealthy in the water. (Stealth+)
You are amphibious.
You can wear up to eight rings at the same time.
You can use your tentacles to constrict eight enemies at once.
Your skin changes colour to match your surroundings (Stealth+).
Your rubbery body absorbs attacks. (AC +1, EV +1)


Message History

You kill the leopard gecko!
The bat hits you.
* * * LOW HITPOINT WARNING * * *
The bat closely misses you. The bat barely misses you.
You tentacle-slap the bat but do no damage.
Your grab misses the bat. The bat hits you.
* * * LOW HITPOINT WARNING * * *
The bat misses you.
You barely miss the bat. You grab the bat. You constrict the bat.
The bat barely misses you. The bat misses you.
The bat hits you but does no damage.
You barely miss the bat.
The bat is severely wounded.
You constrict the bat.
You kill the bat!
You see here a +0 club.
The orc yells repeatedly.
The orc hits you with a +0 flail!
You die...

#.# #.# #.o# #.
#.###..##
#.....o.# #####
#.#####...# #...#
#........o# #...#
########.)#
####...####
#...###.........#
#...o...........#
#...##o@........#
###.##._.....## #
#.##...#...# .
..######...# #
### #.).## #
#.### ###### #.#
.....# #.# ####.#
#.#


You could see 2 orcs.

Vanquished Creatures
  A dart slug (D:1)
  A leopard gecko (D:2)
  2 giant cockroaches (D:1)
  A goblin (D:1)
  4 hobgoblins
  2 jackals (D:1)
  A ball python (D:1)
  5 bats
  2 frilled lizards (D:1)
  6 kobolds
  2 rats (D:1)
27 creatures vanquished.

Vanquished Creatures (others)
  5 plants (D:1)
5 creatures vanquished.

Grand Total: 32 creatures vanquished

Notes
Turn   | Place    | Note
-------+----------+-------------------------------------------
     0 | D:1      | Marvel the Octopode Transmuter began the quest for the Orb.
     0 | D:1      | Reached XP level 1. HP: 13/13 MP: 3/3
   728 | D:1      | Reached XP level 2. HP: 18/18 MP: 5/5
  1788 | D:2      | Reached XP level 3. HP: 23/23 MP: 6/6
  1792 | D:2      | Learned a level 3 spell: Spider Form
  1810 | D:2      | Found an opulent altar of Gozag.
  1961 | D:2      | Slain by an orc

Illustrated notes

Levels and vault maps discovered:
D:1:      roderic_crop_circles_arrival_small, layout_loops_corners,
          serial_aquarium, aquarium_bridge_square [aquarium_subvault_wall,
          aquarium_subvault_bridge, aquarium_subvault_window,
          aquarium_subvault_wall], aquarium_bridge_square
          [aquarium_subvault_window, aquarium_subvault_bridge,
          aquarium_subvault_bridge, aquarium_subvault_bridge],
          aquarium_window_2, aquarium_window_1, aquarium_window_2,
          aquarium_window_corridor_2, aquarium_view_2e, aquarium_view_2g,
          aquarium_pool_2, chequers_serial_rivers_micro_c, serial_park_tiny_1
D:2:      layout_loops_ring, nicolae_gozag_seed_capital,
          chequers_ecumenical_altar_simple_redux

Action                   || total
-------------------------++-------
Melee: Unarmed           ||    91
       Constrict         ||    23
       Tentacles         ||    14
       Punch             ||     1
 Stab: Sleeping          ||     4
Armor: Skin              ||     9
Dodge: Dodged            ||    51
